 Dungeon Crawl Stone Soup version 0.23.2-33-g5129a83184 (webtiles) character file.

Game seed: 9394652279416622111

6 Destapler the Caller (level 1, 0/15 HPs)
             Began as a Merfolk Summoner on Aug 10, 2019.
             Slain by a leopard gecko (5 damage)
             ... on level 1 of the Dungeon.
             The game lasted 00:04:00 (777 turns).

Destapler the Caller (Merfolk Summoner)              Turns: 777, Time: 00:04:01

Health: 0/15       AC:  2    Str:  8    XL:     1   Next: 90%
Magic:  2/3        EV: 13    Int: 14    God:
Gold:   28         SH:  0    Dex: 14    Spells: 3/4 levels left

rFire    . . .     SeeInvis .   g - +0 club
rCold    . . .     Gourm    .   (no shield)
rNeg     . . .     Faith    .   a - +0 robe
rPois    .         Spirit   .   (no helmet)
rElec    .         Reflect  .   (no cloak)
rCorr    .         Harm     .   (no gloves)
MR       .....                  (no boots)
Stlth    ++........             (no amulet)
HPRegen  0.05/turn              (no ring)
MPRegen  0.08/turn              (no ring)

@: no status effects
A: change form in water, swift swim, stealthy swim
a: no special abilities


You were on level 1 of the Dungeon.
You were not hungry.

You visited 1 branch of the dungeon, and saw 1 of its levels.

You collected 28 gold pieces.

Inventory:

Hand Weapons
 g - a +0 club (weapon)
Missiles
 b - 19 stones (quivered)
Armour
 a - a +0 robe (worn)
Scrolls
 d - a scroll of immolation {unknown}
 h - a scroll of identify {unknown}
Potions
 e - 2 potions of brilliance {unknown}
Comestibles
 c - 2 rations
 f - 3 chunks of flesh


   Skills:
 + Level 1.0 Fighting
 - Level 2.6 Dodging
 - Level 2.1 Stealth
 + Level 2.2 Spellcasting
 - Level 4.0 Summonings


You had 3 spell levels left.
You knew the following spells:

 Your Spells              Type           Power        Failure   Level  Hunger
a - Summon Small Mammal   Summ           ##..         4%          1    #......

Your spell library contained the following spells:

 Spells                   Type           Power        Failure   Level  Hunger
 Call Imp                 Summ           ##......     7%          2    ###....
 Call Canine Familiar     Summ           ##......     14%         3    ###....
 Summon Guardian Golem    Hex/Summ       #.......     30%         3    ###....
 Summon Ice Beast         Ice/Summ       #.......     71%         4    #####..
 Summon Lightning Spire   Summ/Air       #.......     71%         4    #####..


Dungeon Overview and Level Annotations

Branches:
Dungeon (1/15)

Altars:


Message History

Wield which item (- for none, * to show all)? (? for menu, Esc to quit)
g - a +0 club (weapon)
Some of the chunks of flesh in your inventory have rotted away.
Found a stone staircase leading down.
A leopard gecko comes into view.
You see here a scroll labeled XOPOMUPP EMPOGGER.
There isn't anything to butcher here.
h - a scroll labeled XOPOMUPP EMPOGGER Your rat disappears in a puff of smoke!
Casting: Summon Small Mammal (safe; 4% risk of failure)
Confirm with . or Enter, or press ? or * to list all spells.
The leopard gecko closely misses you.
You hit the leopard gecko but do no damage.
The leopard gecko bites you. The leopard gecko closely misses you.
You closely miss the leopard gecko.
Your rat barely misses the leopard gecko.
The leopard gecko bites you.
* * * LOW HITPOINT WARNING * * *
You closely miss the leopard gecko. The leopard gecko bites you.
You die...

#.# #.# #.#####.###
# #.##......# #
####>.+......+ #
......#......##+###
#
...÷..#...........#
#
......#..[.÷......#
#
...........##.....#
#
......#######..r@.#
# .###### #...l.# #
.# #.....# # .#
#......# # .#
#......... .#
####........ ##
#........ #........
.....>###


You could see a leopard gecko and a friendly rat.

Vanquished Creatures
  A hobgoblin (D:1)
  A jackal (D:1)
  A kobold (D:1)
3 creatures vanquished.

Vanquished Creatures (collateral kills)
  A giant cockroach (D:1)
  A hobgoblin (D:1)
  A jackal (D:1)
  A bat (D:1)
  A frilled lizard (D:1)
5 creatures vanquished.

Grand Total: 8 creatures vanquished

Notes
Turn   | Place    | Note
-------+----------+-------------------------------------------
     0 | D:1      | Destapler the Merfolk Summoner began the quest for the Orb.
     0 | D:1      | Reached XP level 1. HP: 13/13 MP: 3/3
   756 | D:1      | Reached skill level 1 in Fighting
   777 | D:1      | Slain by a leopard gecko

Skill      XL: |  1 |
---------------+----+-----
Fighting       | 1 |  1.0
Dodging        | |  2.6
Stealth        | |  2.1
Spellcasting   | |  2.2
Summonings     | |  4.0

Action                   || total
-------------------------++-------
Melee: Unarmed           ||    47
       Club              ||     3
Throw: Stone             ||     5
 Cast: Summon Small Mamm ||    18
 Stab: Distracted        ||     1
       Sleeping          ||     1
Armor: Robe              ||    12
Dodge: Dodged            ||    60
